Map: [ESL] Data-C

Players

Nice

  • Race: Protoss Protoss
  • League: Diamond
  • Spawn Location: 3:00

LiquidClem (Clem) - Winner!

  • Race: Terran Terran
  • League: Grandmaster
  • Spawn Location: 9:00

Event: HomeStory Cup XXII

VOD

Have the link to the VOD?

Description

Time

  • Played on: Dec. 15, 2022, 8:54 a.m.
  • Length: 11:32

All games in this series

Show
View Real Time Build Order
Export as new Build Order

Nice Protoss 

Build Orders: 1 Gate Expand, Oracle Opening, Zealot Archon 

Get SALT Encoding   

  12  0:00  Probe  
  13  0:12  Probe  
  14  0:19  Pylon  
  14  0:24  Probe (Chrono Boost)  
  15  0:39  Gateway, Probe (Chrono Boost)  
  16  0:44  Probe (Chrono Boost)  
  16  0:49  Assimilator  
  17  0:54  Probe  
  18  1:06  Probe  
  19  1:18  Probe  
  20  1:25  Cybernetics Core  
  20  1:36  Nexus  
  20  1:42  Pylon  
  20  1:49  Assimilator  
  20  1:51  Probe  
  21  1:59  Adept (Chrono Boost)  
  21  2:03  Probe  
  24  2:10  Shield Battery  
  24  2:15  Probe  
  25  2:19  Adept (Chrono Boost)  
  27  2:31  Probe  
  27  2:41  Adept  
  27  2:43  Probe  
  30  2:47  Stargate  
  30  2:50  Probe  
  31  3:09  Probe (Chrono Boost)  
  31  3:10  Probe (Chrono Boost)  
  31  3:11  Adept, Warp Gate  
  32  3:21  Probe (Chrono Boost)  
  34  3:27  Probe (Chrono Boost)  
  34  3:29  Probe (Chrono Boost)  
  34  3:32  Oracle (Chrono Boost)  
  34  3:33  Probe  
  39  3:35  Probe  
  40  3:45  Probe  
  41  3:50  Probe  
  41  3:52  Pylon  
  42  3:56  Pylon  
  42  4:06  Twilight Council  
  42  4:10  Probe x2  
  42  4:14  Oracle (Chrono Boost)  
  47  4:22  Probe x2  
  47  4:23  Gateway  
  49  4:25  Gateway  
  49  4:30  Pylon  
  49  4:34  Probe x2  
  51  4:39  Pylon  
  51  4:47  Probe x2  
  51  4:48  Phoenix (Chrono Boost)  
  51  4:49  Assimilator  
  51  4:50  Assimilator  
  51  4:52  Shield Battery  
  55  4:59  Probe x2, Stalker  
  59  5:04  Pylon  
  55  5:22  Probe  
  55  5:26  Blink (Chrono Boost)  
  58  5:29  Probe  
  58  5:34  Probe  
  58  5:35  Templar Archives  
  58  5:41  Nexus, Probe  
  59  5:43  Pylon  
  59  5:46  Probe  
  60  5:52  Gateway  
  60  5:53  Psionic Storm  
  60  5:54  Probe  
  60  5:56  Pylon  
  61  5:57  Gateway  
  61  5:59  Probe  
  62  6:05  Stalker  
  62  6:06  Probe, Stalker x2  
  62  6:11  Probe  
  68  6:18  Probe  
  68  6:22  Gateway  
  68  6:23  Probe  
  69  6:28  Gateway  
  69  6:32  Probe  
  70  6:34  Gateway  
  70  6:35  Probe  
  70  6:39  High Templar  
  73  6:40  High Templar  
  75  6:49  Probe  
  75  6:53  Shield Battery, Probe x2  
  76  6:59  Robotics Facility  
  76  7:01  Probe, Forge  
  77  7:03  Stalker  
  77  7:05  Probe, Assimilator  
  77  7:06  Charge (Chrono Boost)  
  77  7:07  Probe  
  81  7:10  Assimilator  
  81  7:13  Probe  
  82  7:16  Pylon  
  82  7:17  Probe  
  82  7:18  High Templar  
  82  7:19  Probe  
  86  7:25  Probe  
  86  7:26  Zealot x4  
  95  7:36  Stalker x2  
  99  7:44  Warp Prism (Chrono Boost)  
  99  7:46  Archon, High Templar  
  99  7:50  Pylon  
  99  7:51  Protoss Ground Weapons Level 1 (Chrono Boost)  
  103  7:54  Pylon  
  103  7:57  Probe, Pylon  
  103  7:58  Probe  
  105  8:04  High Templar  
  105  8:05  Nexus  
  107  8:06  Zealot  
  109  8:14  Pylon  
  109  8:19  Probe  
  102  8:27  Probe x2  
  102  8:29  Observer (Chrono Boost), Photon Cannon x2  
  102  8:31  Probe  
  102  8:33  Stalker x5  
  102  8:34  Stalker  
  117  8:37  High Templar  
  119  8:47  Probe x3  
  122  8:50  Observer  
  123  8:55  Nexus  
  123  8:58  Pylon  
  123  9:01  Zealot x5  
  123  9:11  Stalker  
  123  9:12  Probe x2  
  123  9:13  Probe  
  124  9:21  Photon Cannon  
  112  9:24  Probe x2  
  112  9:25  Probe  
  112  9:29  Observer (Chrono Boost)  
  115  9:33  Robotics Bay  
  115  9:36  Probe  
  116  9:42  Shield Battery  
  116  9:44  High Templar x3  
  119  9:48  Zealot x4  
  113  10:00  Archon  
  113  10:05  Stalker  
  89  10:11  Stalker x4  
  91  10:24  Observer (Chrono Boost)  
  91  10:27  Probe  
  91  10:28  Probe x2  
  93  10:38  Archon  
  93  10:39  Observer, Stalker x2  
  93  10:40  Stalker x5  
  93  10:41  Stalker  
  97  10:49  Disruptor (Chrono Boost)  
  91  11:03  High Templar x2  
  95  11:06  Nexus  
  95  11:09  Probe x3  
  98  11:11  High Templar  
  98  11:13  Zealot  
  98  11:14  Zealot  
  104  11:19  Pylon  
Show
View Real Time Build Order
Export as new Build Order

LiquidClem Terran - Winner!

Build Orders: Reaper Expand 

Get SALT Encoding   

  12  0:00  SCV  
  13  0:12  SCV  
  14  0:17  Supply Depot  
  14  0:24  SCV  
  15  0:38  SCV  
  15  0:40  Barracks  
  16  0:44  Refinery  
  16  0:50  SCV  
  17  1:02  SCV  
  18  1:16  SCV  
  18  1:28  Orbital Command  
  18  1:29  Reaper  
  19  1:45  Command Center  
  19  1:53  SCV  
  20  2:01  Marine  
  20  2:03  Supply Depot  
  20  2:07  SCV  
  22  2:17  Factory  
  22  2:20  SCV  
  23  2:30  Barracks Reactor  
  23  2:32  SCV  
  24  2:44  SCV  
  25  2:51  Refinery  
  25  2:56  Supply Depot  
  25  2:57  SCV  
  25  3:01  Hellion  
  27  3:06  Marine x2  
  27  3:09  SCV  
  29  3:13  Starport  
  29  3:21  SCV  
  29  3:23  Orbital Command  
  30  3:27  Factory Tech Lab, Marine x2  
  30  3:33  SCV  
  32  3:45  SCV  
  32  3:48  Marine x2  
  33  3:50  Cyclone  
  33  3:51  SCV  
  37  3:59  Supply Depot, Medivac  
  37  4:00  SCV  
  40  4:03  SCV  
  40  4:07  Marine x2  
  43  4:13  SCV  
  43  4:15  SCV  
  43  4:17  Barracks  
  44  4:25  SCV  
  44  4:28  Cyclone, SCV, Marine x2  
  51  4:35  Supply Depot  
  51  4:37  SCV  
  52  4:40  SCV  
  53  4:46  Marine x2  
  53  4:49  SCV  
  53  4:52  SCV  
  57  4:56  Command Center  
  57  5:01  SCV  
  57  5:03  Supply Depot  
  57  5:05  Marine x2  
  57  5:07  SCV  
  57  5:14  Marine  
  57  5:15  Barracks, Stimpack  
  57  5:16  SCV  
  57  5:20  SCV  
  58  5:22  Starport Reactor, Factory Reactor  
  58  5:23  Marine  
  59  5:28  SCV  
  59  5:30  Supply Depot  
  59  5:32  SCV  
  59  5:35  Refinery  
  61  5:36  Refinery, Marine x2  
  61  5:40  SCV  
  61  5:41  Bunker  
  64  5:44  Engineering Bay, SCV  
  65  5:50  Engineering Bay  
  65  5:52  Marine  
  65  5:54  SCV, Marine x2  
  65  5:56  SCV  
  67  6:06  SCV  
  67  6:10  Barracks Tech Lab, Marine  
  72  6:11  Widow Mine x2, Marine  
  72  6:12  Terran Infantry Weapons Level 1, Marine  
  72  6:13  SCV  
  72  6:15  Terran Infantry Armor Level 1  
  76  6:20  SCV  
  76  6:23  Orbital Command  
  76  6:28  SCV, Marine  
  76  6:29  Marine  
  76  6:30  Medivac x2  
  83  6:32  Combat Shield  
  83  6:34  Marine  
  83  6:36  Marine  
  83  6:39  Widow Mine  
  87  6:40  Widow Mine  
  87  6:42  Orbital Command  
  87  6:43  Supply Depot, SCV  
  87  6:44  SCV  
  87  6:46  Marine  
  92  6:47  Marine  
  92  6:52  Marauder  
  95  6:55  SCV  
  95  6:56  SCV  
  95  6:57  Marauder  
  95  6:58  Supply Depot  
  99  7:02  Widow Mine  
  99  7:05  Widow Mine  
  99  7:07  Supply Depot, SCV x2  
  105  7:09  SCV  
  105  7:12  Medivac  
  105  7:14  Marine  
  109  7:19  Concussive Shells, Marine  
  109  7:20  SCV x2, Marauder  
  109  7:22  SCV  
  114  7:25  Marauder  
  113  7:32  SCV, Marine  
  113  7:34  SCV  
  113  7:38  Barracks  
  113  7:39  SCV  
  113  7:40  Barracks, Marine  
  113  7:41  Marauder  
  112  7:44  SCV  
  112  7:45  Widow Mine x2  
  112  7:48  Marauder  
  112  7:51  SCV x2  
  121  7:53  Marine  
  121  7:55  Supply Depot  
  121  7:57  Medivac  
  124  8:01  Medivac  
  124  8:02  Supply Depot  
  124  8:03  SCV, Armory  
  124  8:04  SCV  
  128  8:05  Marine  
  128  8:10  Ghost Academy  
  128  8:11  Widow Mine x2  
  133  8:17  SCV, Marauder x2  
  138  8:20  SCV  
  138  8:23  Supply Depot  
  138  8:24  Marine  
  137  8:28  Refinery  
  137  8:29  Refinery  
  137  8:30  Barracks Tech Lab  
  137  8:31  Barracks Reactor  
  137  8:33  Widow Mine  
  140  8:34  Widow Mine  
  140  8:35  SCV x2  
  140  8:38  SCV, Marauder  
  140  8:39  Medivac  
  140  8:40  Medivac  
  149  8:42  Marine  
  149  8:43  Supply Depot  
  149  8:46  Ghost  
  148  8:49  Ghost  
  150  8:57  Terran Infantry Armor Level 2, Marine  
  150  9:01  Marauder  
  150  9:02  Widow Mine  
  152  9:06  Marine  
  151  9:13  Marine x2  
  151  9:15  Marauder  
  153  9:20  Command Center  
  153  9:22  Barracks x2, Ghost  
  153  9:23  Barracks  
  153  9:25  Widow Mine  
  153  9:30  Marine x2  
  159  9:31  Marauder  
  159  9:33  SCV x2  
  159  9:36  Widow Mine  
  159  9:37  Marine x2  
  165  9:48  Ghost  
  165  9:51  SCV, Widow Mine  
  165  9:52  Ghost  
  165  9:57  SCV, Widow Mine, Marauder  
  154  10:00  Marine x2  
  147  10:08  SCV  
  147  10:13  SCV x2  
  148  10:18  Marauder x2  
  148  10:21  SCV, Widow Mine, Marauder  
  148  10:25  SCV x2  
  149  10:29  Marine x4  
  149  10:32  Barracks Tech Lab  
  149  10:34  SCV, Barracks Tech Lab  
  146  10:37  SCV  
  146  10:39  Marauder  
  146  10:40  Marauder  
  146  10:41  SCV  
  136  10:44  Marine  
  136  10:46  SCV  
  136  10:49  SCV  
  139  10:53  SCV  
  139  10:55  Planetary Fortress  
  139  10:58  SCV  
  139  10:59  Marine  
  139  11:00  Marauder  
  139  11:04  SCV  
  142  11:05  SCV  
  142  11:10  SCV  
  146  11:16  SCV  
Tags
 
Add a new tag
Caveats
  • Supply blocks, unpowered buildings, or Contaminate may cause inaccurate times.
  • Supply counts are checked every 10 seconds.